 Dungeon Crawl Stone Soup version 0.30-a0-996-ga6910c8ee8 (webtiles) character file.

Game seed: 3668823912508303340

4189 qeuew the Cleaver (level 10, -2/90 HPs)
             Began as a Hill Orc Fighter on Apr 4, 2023.
             Was a Believer of Trog.
             Killed from afar by a steam dragon (21 damage)
             ... with a ball of steam
             ... on level 8 of the Dungeon.
             The game lasted 00:08:19 (6520 turns).

qeuew the Cleaver (Hill Orc Fighter)                Turns: 6520, Time: 00:08:28

Health: -2/90      AC: 14    Str: 21    XL:     10   Next: 29%
Magic:  10/10      EV: 16    Int:  7    God:    Trog [**....]
Gold:   446        SH:  5    Dex: 11    Spells: 9/9 levels left

rFire   . . .      SeeInvis .    a - +1 war axe
rCold   . . .      Faith    .    c - +0 buckler
rNeg    + + .      Spirit   .    b - +1 scale mail
rPois   .          Reflect  .    (no helmet)
rElec   .          Rampage  .    r - +0 cloak of Ipsehaqu {rN++ Regen+ Int-5}
rCorr   .                        (no gloves)
Will    .....                    (no boots) Stlth
                                 (no amulet)
HPRegen 1.15/turn                f - +5 ring of evasion
MPRegen 0.12/turn                e - +4 ring of protection

@: about to teleport, on berserk cooldown, slowed, very slow
A: hooves 1, clever 1, sense surroundings 1, MP-powered wands
a: Renounce Religion, Berserk, Trog's Hand


You were on level 8 of the Dungeon.
You worshipped Trog.
Trog was pleased with you.
You visited 1 branch of the dungeon, and saw 8 of its levels.

You collected 446 gold pieces.

Inventory:

Hand Weapons
 a - a +1 war axe (weapon)
Missiles
 d - 2 throwing nets
Armour
 b - a +1 scale mail (worn)
 c - a +0 buckler (worn)
 r - the +0 cloak of Ipsehaqu (worn) {rN++ Regen+ Int-5}
   (You found it on level 7 of the Dungeon)

   Int:       It affects your intelligence (-5).
   rN:        It greatly protects you from negative energy.
   Regen:     It increases your rate of health regeneration.
Jewellery
 e - a +4 ring of protection (right hand)
 f - a +5 ring of evasion (left hand)
Wands
 p - a wand of flame (8)
Scrolls
 i - a scroll of identify
 j - a scroll of magic mapping
 n - a scroll of teleportation
 q - a scroll of fear
Potions
 g - a potion of heal wounds
 h - 3 potions of haste
 k - a potion of cancellation
 l - 4 potions of curing
 m - 2 potions of magic
 o - 2 potions of flight
 s - a potion of brilliance {unknown}


   Skills:
 + Level 8.7 Fighting
 + Level 9.1 Axes
 + Level 8.0 Armour
 + Level 5.1 Dodging
 + Level 8.0 Shields


You had 9 spell levels left.
You didn't know any spells.
Your spell library contained the following spells:

 Spells                   Type           Power      Damage    Failure   Level
 Ensorcelled Hibernation  Hex/Ice        0%         N/A       91%         2
 Passwall                 Tmut/Erth      0%         N/A       91%         2
 Swiftness                Air            0%         N/A       99%         3


Dungeon Overview and Level Annotations

Branches:
Dungeon (8/15)             Temple (0/1) D:5
   Lair: D:8-11

Altars:
Makhleb
Trog

Shops:
D:4 ?[(*

Annotations:
D:5 2 transporters, Figgler's ghost, novice MeFi
D:8 Maggie


Innate Abilities, Weirdness & Mutations

You have large cloven feet.
Your mind is acute. (Int +4, Str/Dex -1)
You passively map a small area around you.
You expend magic power (3 MP) to strengthen your wands.


Message History

The kobold dies!
The bolt of fire hits the kobold!!
The kobold dies!
The bolt of fire hits the steam dragon!
The bolt of fire misses you. The steam dragon breathes steam at you.
The ball of steam hits you! The steam dragon completely misses you.
The steam dragon barely misses you.
You hit the steam dragon but do no damage.
Your kick misses the steam dragon.
The steam dragon is severely wounded.
You are engulfed in a cloud of scalding steam.
The steam dragon bites you but does no damage.
The steam dragon closely misses you.
Unknown command.
You barely miss the steam dragon. Your kick misses the steam dragon.
The steam dragon is severely wounded.
Maggie casts a spell.
Maggie attempts to bespell you!
You are mesmerised by Maggie!
The steam dragon breathes steam at you. The ball of steam hits you!
The steam dragon bites you. The steam dragon closely misses you.
You slash the steam dragon!
You kick the steam dragon, but do no damage.
The steam dragon is almost dead.
You are engulfed in a cloud of scalding steam.
* * * LOW HITPOINT WARNING * * *
The steam dragon bites you!
* * * LOW HITPOINT WARNING * * *
You block the steam dragon's attack. x2
The steam dragon claws you but does no damage.
You are no longer entranced.
The steam dragon closely misses you. You block the steam dragon's attack.
As you read the scroll of teleportation, it crumbles to dust.
You feel strangely unstable.
The steam dragon bites you but does no damage.
The steam dragon claws you but does no damage.
The steam dragon breathes steam at you. The ball of steam hits you!!
You die...

,
...............#*,#
, ,
...............##.#
,
#####...###.......#
, #..........#### ,
* #............# *
#...##..##.###
#....#..# .# , *
#....#.)# .***
#?...@..#* #.* ,
####D##.# .# * * *
* #K##... ,. *
#K###.## * ,,, ,
.)) .# * #.. ,..,,
, * #.## .## ... ..
* ,...,


You could see a steam dragon (catching breath) and 2 kobolds.

Vanquished Creatures
  Amaemon (D:8)
  Pikel (D:7)
  An orange demon (D:8)
  Prince Ribbit (D:8)
  A shadow (D:7)
  A vampire (D:8)
  A water moccasin (D:5)
  3 ice beasts (D:6)
  An orc warrior (D:8)
  2 black bears (D:5)
  A centaur (D:6)
  3 ogres
  4 bullfrogs
  A gnoll sergeant (D:6)
  2 scorpions
  3 howler monkeys (D:7)
  2 jellies
  6 orc priests
  3 hounds
  A sleepcap (D:4)
  2 iguanas (D:6)
  5 orc wizards
  17 gnolls
  11 adders
  2 worms
  2 dart slugs
  12 orcs
  3 bats (D:3)
  6 endoplasms
  2 giant cockroaches
  3 hobgoblins
  16 kobolds
  4 quokkas
  4 ball pythons
  3 frilled lizards
  8 goblins
  5 rats
144 creatures vanquished.

Vanquished Creatures (others)
  A kobold brigand (D:8)
  4 kobolds (D:8)
5 creatures vanquished.

Grand Total: 149 creatures vanquished

Notes
Turn   | Place    | Note
-------+----------+-------------------------------------------
     0 | D:1      | qeuew the Hill Orc Fighter began the quest for the Orb.
     0 | D:1      | Reached XP level 1. HP: 19/19 MP: 1/1
   147 | D:1      | Found a faded altar of an unknown god.
   172 | D:1      | You fall into a shaft and drop 1 floor!
   203 | D:1      | Reached XP level 2. HP: 26/27 MP: 2/2
   205 | D:1      | Reached skill level 3 in Axes
   598 | D:2      | Reached XP level 3. HP: 31/33 MP: 3/3
   760 | D:2      | Identified the +0 ring mail "Joliboz" {rPois}
  1014 | D:2      | Reached XP level 4. HP: 40/40 MP: 4/4
  1700 | D:3      | Found a burning altar of Makhleb.
  1700 | D:3      | Noticed a blizzard demon
  1948 | D:3      | Reached skill level 4 in Axes
  1948 | D:3      | Reached XP level 5. HP: 11/47 MP: 5/5
  1981 | D:3      | Reached skill level 1 in Dodging
  2448 | D:3      | Gained mutation: Your mind is acute. (Int +4, Str/Dex -1)
                  | [potion of mutation]
  2448 | D:3      | Gained mutation: You have hidden genetic potential. [potion
                  | of mutation]
  2530 | D:4      | Found Viciaj's Armour Shop.
  2589 | D:4      | Found Siuclud's Magic Scroll Boutique.
  2645 | D:4      | Reached XP level 6. HP: 55/55 MP: 6/6
  2687 | D:4      | Reached skill level 5 in Fighting
  2698 | D:4      | Gained mutation: You have great hidden genetic potential.
                  | [hidden potential]
  2725 | D:4      | Reached skill level 5 in Axes
  2762 | D:4      | Found Effum's Antique Weapon Shoppe.
  2907 | D:4      | Found Juex's Assorted Antiques.
  3157 | D:5      | Entered Level 5 of the Dungeon
  3181 | D:5      | Reached XP level 7. HP: 61/61 MP: 7/7
  3212 | D:5      | Found a transporter.
  3217 | D:5      | Found a transporter.
  3218 | D:5      | Noticed Figgler's ghost (novice MeFi)
  3254 | D:5      | Found a bloodstained altar of Trog.
  3265 | D:5      | Reached skill level 5 in Armour
  3269 | D:5      | Reached skill level 5 in Shields
  3274 | D:5      | Became a worshipper of Trog the Wrathful
  3277 | D:5      | Gained mutation: You passively map a small area around you.
                  | [hidden potential]
  3277 | D:5      | Lost mutation: You have great hidden genetic potential.
                  | [hidden potential expressed]
  3580 | D:5      | Reached XP level 8. HP: 50/70 MP: 8/8
  3650 | D:5      | Reached skill level 6 in Axes
  3810 | D:5      | Gained mutation: You expend magic power (3 MP) to
                  | strengthen your wands. [hidden potential]
  4045 | D:5      | Found a staircase to the Ecumenical Temple.
  4351 | D:6      | Reached * piety under Trog
  4820 | D:6      | Reached skill level 7 in Axes
  4993 | D:6      | Reached XP level 9. HP: 75/79 MP: 9/9
  5316 | D:7      | Identified the +0 cloak of Ipsehaqu {rN++ Regen+ Int-5}
  5580 | D:7      | Gained mutation: You have large cloven feet. [hidden
                  | potential]
  5580 | D:7      | Lost mutation: You have hidden genetic potential. [hidden
                  | potential expressed]
  6074 | D:7      | Noticed Pikel
  6090 | D:7      | Killed Pikel
  6091 | D:7      | Reached skill level 8 in Axes
  6267 | D:8      | Noticed a two-headed ogre
  6391 | D:8      | Reached ** piety under Trog
  6454 | D:8      | Noticed Prince Ribbit
  6465 | D:8      | Killed Prince Ribbit
  6466 | D:8      | Reached XP level 10. HP: 80/88 MP: 10/10
  6476 | D:8      | Noticed Amaemon
  6478 | D:8      | Noticed an orange demon
  6488 | D:8      | Killed Amaemon
  6489 | D:8      | Reached skill level 5 in Dodging
  6493 | D:8      | Killed an orange demon
  6494 | D:8      | Reached skill level 9 in Axes
  6508 | D:8      | Noticed Maggie
  6520 | D:8      | Killed from afar by a steam dragon

Illustrated notes

Levels and vault maps discovered:
D:1:      minmay_arrival_shattered_statue, layout_rooms,
          dreamdust_ecumenical_altar_statues
D:2:      layout_basic
D:3:      layout_basic, makhleb_altar_promises_db
D:4:      layout_cave_pools, serial_shops, shop, nicolae_stop_n_shop_2,
          nicolae_square_shop, nicolae_stop_n_shop_1
D:5:      layout_gridville, trog_ov_bears_minmay,
          minmay_temple_entry_mini_moons, gammafunk_ghost_hive,
          serial_park_tiny_pond
D:6:      layout_loops_corners, nrook_mini_backslash
D:7:      layout_basic, uniq_pikel
D:8:      layout_loops_cross, grunt_ministairs_5, roderic_batcave,
          hangedman_minor_gate_pass, uniq_amaemon, uniq_prince_ribbit1,
          uniq_joseph, uniq_maggie

Skill      XL: |  1  2  3  4  5  6  7  8  9 10 |
---------------+-------------------------------+-----
Axes           | 3 4 5 7 8 9 |  9.1
Fighting       | 4 5 7 8 |  8.7
Armour         | 4 5 6 7 8 |  8.0
Shields        | 4 5 6 7 8 |  8.0
Dodging        | 1 2 3 4 5 |  5.1

Action                     |  1- 3 |  4- 6 |  7- 9 | 10-12 || total
---------------------------+-------+-------+-------+-------++-------
  Melee: War axe           |    64 |   130 |   248 |    24 ||   466
         Kick              |       |       |    17 |     7 ||    24
 Invoke: Berserk           |       |       |       |     1 ||     1
    Use: Potion            |     2 |     6 |       |       ||     8
         Scroll            |     2 |     9 |     8 |     1 ||    20
 Armour: Scale mail        |    22 |    51 |   141 |    16 ||   230
  Dodge: Dodged            |    38 |    87 |   208 |    27 ||   360
  Block: Buckler           |    18 |    35 |   104 |    10 ||   167

Table legend: (Time is in decaauts)
 A = Elapsed time spent in this place.
 B = Non-inter-level travel time spent in this place.
 C = Inter-level travel time spent in this place.
 D = Time resting spent in this place.
 E = Time spent auto-exploring this place.
 F = Levels seen in this place.
 G = Mean time per level.
                   A        B        C        D        E       F      G
               +--------+--------+--------+--------+--------+-----+--------+
         Total |   6626 |   6309 |    317 |    100 |   5096 |   8 |  828.2 |
       Dungeon |   6626 |   6309 |    317 |    100 |   5096 |   8 |  828.2 |
               +--------+--------+--------+--------+--------+-----+--------+

Top non-repeatable levels by time:
     D:6: 1255 daAuts
     D:3: 1201 daAuts
     D:5: 1107 daAuts
     D:7: 867 daAuts
     D:2: 759 daAuts
     D:4: 665 daAuts
     D:1: 573 daAuts
     D:8: 195 daAuts
